 Dungeon Crawl Stone Soup version 0.32-a0-128-g77eb882913 (webtiles) character file.

Game seed: 1027250181530118865

133 Esekla the Sneak (level 5, -1/54 HPs)
             Began as an Octopode Delver on Feb 8, 2024.
             Was an Initiate of Gozag.
             Killed from afar by an orc wizard (5 damage)
             ... with a puff of flame
             ... on level 3 of the Dungeon.
             The game lasted 00:15:09 (2459 turns).

Esekla the Sneak (Octopode Delver)                  Turns: 2459, Time: 00:15:10

Health: -1/54      AC: 22    Str: 18 (19) XL:     5   Next: 16%
Magic:  6/6        EV:  2    Int: 10 (12) God:    Gozag
Gold:   500        SH:  0    Dex: 10 (12) Spells: 6/6 levels left

rFire   . . .        a - +0 long sword
rCold   . . .        (no shield)
rNeg    . . .        (helmet currently unavailable)
rPois   +            (no amulet)
rElec   .            (no ring)
rCorr   .            (no ring)
SInv    .            (no ring)
Will    .....        (no ring)
Stlth   +++          (no ring)
HPRegen 0.29/turn    (no ring)
MPRegen 0.10/turn    (no ring)
                     (no ring)

%: no passive effects
@: tree-form
A: stationary, stasis, torment immunity, boosted hp, almost no armour,
(amphibious), 8 rings, (camouflage 1), (gelatinous body 1), (nimble swimmer 1),
(tentacles), deterioration 2, strong 2
a: Renounce Religion, Potion Petition, Call Merchant, Bribe Branch


You were on level 3 of the Dungeon.
You worshipped Gozag.
Gozag was pleased with you.
You were a tree.
You visited 2 branches of the dungeon, and saw 6 of its levels.

You collected 528 gold pieces.
You paid 28 gold pieces to Gozag.

Inventory:

Hand Weapons
 a - a +0 long sword (weapon)
 s - a +0 dagger
Missiles
 j - 4 boomerangs (quivered)
Wands
 f - a wand of digging (3)
Scrolls
 b - 2 scrolls of fog
 c - a scroll of identify {unknown}
 e - a scroll of noise {unknown}
 g - a scroll of fear
 h - a scroll of enchant weapon {unknown}
 k - a scroll of silence {unknown}
 l - a scroll of teleportation {unknown}
 n - a scroll of amnesia {unknown}
 p - a scroll of immolation {unknown}
Potions
 d - a potion of enlightenment
 i - a potion of heal wounds {unknown}
 o - a potion of cancellation {unknown}


   Skills:
 * Level 3.5 Fighting
 + Level 0.1(1.6) Short Blades
 + Level 2.7 Long Blades
 * Level 2.6 Dodging
 + Level 7.8 Stealth
 * Level 1.3 Spellcasting


You had 6 spell levels left.
You didn't know any spells.
Your spell library contained the following spells:

 Spells                   Type           Power      Damage    Failure   Level
 Stone Arrow              Conj/Erth      0%         3d7       71%         3
 Borgnjor's Vile Clutch   Necr/Erth      0%         N/A       100%        5
 Death Channel            Necr           0%         N/A       100%        6
 Lehudib's Crystal Spear  Conj/Erth      0%         10d2      100%        8
 Animate Armour           Summ/Erth      Unusable   N/A       N/A         4
 Animate Dead             Necr           Unusable   N/A       N/A         4

Dungeon Overview and Level Annotations

Branches:
Dungeon (5/15)             Temple (1/1) D:5

Altars:
Ashenzari
Cheibriados
Dithmenos
Elyvilon
Fedhas
Gozag
Hepliaklqana
Kikubaaqudgha
Makhleb
Nemelex Xobeh
Okawaru
Qazlal
Ru
Sif Muna
Trog
Uskayaw
Vehumet
Wu Jian
Xom
Yredelemnul
Zin
The Shining One

Annotations:
D:4 Edmund


Innate Abilities, Weirdness & Mutations

You are a tree.
Your roots penetrate the ground, keeping you stationary.
You cannot be teleported.
You are immune to unholy pain and torment.
Your maximum health is greatly increased.
You cannot wear most types of armour.
((You are amphibious.))
You can wear up to eight rings at the same time.
((Your skin changes colour to match your surroundings (Stealth+).))
((Your rubbery body absorbs attacks. (AC +1, EV +1)))
((You are camouflaged when in or above water. (Stealth+)))
((You have tentacles for arms and can constrict up to eight enemies at once.))
Your body often deteriorates upon taking damage.
Your muscles are very strong. (Str +8, Int/Dex -2)


Message History

The orc wizard is moderately wounded.
The orc wizard closely misses you.
The orc wizard gestures wildly while chanting.
The orc wizard flickers and vanishes!
Deactivating autopickup; reactivate with Ctrl-A.
You closely miss something. Something hits you.
You closely miss something. Something hits you.
You closely miss something.
You hear some strange, mumbled words.
You are confused.
You bump into the rock wall.
You hear some strange, mumbled words.
A magic dart appears from out of thin air!
The magic dart hits you!
You closely miss something.
You hear some strange, mumbled words.
A puff of flame appears from out of thin air!
The puff of flame hits you! Something hits you.
* * * LOW HITPOINT WARNING * * *
You barely miss something. Something hits you.
* * * LOW HITPOINT WARNING * * *
You bump into the rock wall.
Something hits you.
* * * LOW HITPOINT WARNING * * *
It was a potion of lignification.
You turn into a tree.
Your roots penetrate the ground.
You feel less confused. Something hits you but does no damage.
You cannot move.
You cannot move.
You cannot move.
You cannot move.
You cannot move.
You cannot move.
You cannot move.
You slash something!
You hear some strange, mumbled words.
A puff of flame appears from out of thin air!
The puff of flame hits you.
You die...
Your body crumbles into a pile of gold.

.#..#.# #.##._.# .#..#.#
#.##... .#..#<# #<##..#
.#..#.#######.###.# ##
..............##..##....
.#...................#
.##.#######.####o#####
.#...#####...###{#
...#.......#..##♣#
.#...#####...###.#
.##.## ##.## #.# ..#.#
#.# #.# ..#.# #.# #.#
.##.# #.# #.. .##.##
##.## ##.
.#...#####...####.##.
...#.......#.........


You could see an orc.

Vanquished Creatures
  A hound (D:5)
  Jessica (D:2)
  2 adders (D:2)
  2 dart slugs
  4 orcs
  A ball python (D:1)
  8 endoplasms
  A giant cockroach (D:1)
  7 goblins
  5 hobgoblins
  3 jackals
  4 kobolds
  A quokka (D:1)
  4 bats
  A frilled lizard (D:1)
  A rat (D:2)
46 creatures vanquished.

Notes
Turn   | Place    | Note
-------+----------+-------------------------------------------
     0 | D:5      | Esekla the Octopode Delver began the quest for the Orb.
     0 | D:5      | Reached XP level 1. HP: 16/16 MP: 1/1
    32 | D:5      | Found a shimmering blue altar of Sif Muna.
    36 | D:5      | Found an ornate altar of the Wu Jian Council.
   139 | D:5      | Noticed a hound
   155 | D:5      | Noticed a scorpion
   164 | D:5      | Found a staircase to the Ecumenical Temple.
   185 | Temple   | Entered the Ecumenical Temple
   193 | Temple   | Became a worshipper of Gozag Ym Sagoz the Greedy
   265 | D:5      | Killed a hound
   266 | D:5      | Reached skill level 7 in Stealth
   266 | D:5      | Reached XP level 2. HP: 20/21 MP: 1/3
   266 | D:5      | Reached XP level 3. HP: 24/26 MP: 1/4
   309 | D:5      | Noticed a scorpion
   347 | D:4      | Noticed Edmund
   362 | D:4      | Noticed an ogre
   363 | D:4      | Gained mutation: Your body sometimes deteriorates upon
                  | taking damage. [potion of mutation]
   363 | D:4      | Gained mutation: Your body often deteriorates upon taking
                  | damage. [potion of mutation]
   363 | D:4      | Gained mutation: Your muscles are strong. (Str +4, Int/Dex
                  | -1) [potion of mutation]
   363 | D:4      | Gained mutation: Your muscles are very strong. (Str +8,
                  | Int/Dex -2) [potion of mutation]
   612 | D:1      | Found a faded altar of an unknown god.
   700 | D:1      | Reached skill level 1 in Spellcasting
   835 | D:1      | Reached XP level 4. HP: 31/31 MP: 5/5
  2068 | D:2      | Noticed Jessica
  2076 | D:2      | Killed Jessica
  2077 | D:2      | Reached XP level 5. HP: 10/36 MP: 6/6
  2434 | D:3      | Found a burning altar of Makhleb.
  2459 | D:3      | Killed from afar by an orc wizard

Illustrated notes

Levels and vault maps discovered:
D:1:      minmay_arrival_checkered_box, layout_loops_ring,
          dreamdust_ecumenical_altar_statues
D:2:      layout_basic, uniq_jessica
D:3:      layout_loops_ring, bloody_makhleb, minmay_misc_feat_tower
D:4:      layout_basic, uniq_edmund, uniq_grinder
D:5:      layout_loops_ring, grunt_temple_overflow_open,
          minmay_temple_entry_offerings, serial_aquarium, aquarium_bridge_square
          [aquarium_subvault_window, aquarium_subvault_bridge,
          aquarium_subvault_wall, aquarium_subvault_bridge], aquarium_window_1,
          aquarium_window_1, aquarium_window_2, aquarium_view_2d,
          aquarium_view_2d, aquarium_pool_2
Temple:   nicolae_temple_bog_church

Skill      XL: |  1  2  3 |
---------------+----------+-----
Stealth        | 7 |  7.8
Spellcasting   | 1 |  1.3
Fighting       | |  3.5
Short Blades   | |  0.1
Long Blades    | |  2.7
Dodging        | |  2.6

Action                     |  1- 3 |  4- 6 || total
---------------------------+-------+-------++-------
  Melee: Long sword        |    45 |    45 ||    90
         Constrict         |     6 |    15 ||    21
         Punch             |     3 |     3 ||     6
         Tentacles         |     3 |    17 ||    20
         Dagger            |       |    21 ||    21
    Use: Scroll            |     2 |       ||     2
         Potion            |     4 |     1 ||     5
   Stab: Sleeping          |     6 |     8 ||    14
 Armour: Skin              |    16 |    30 ||    46
  Dodge: Dodged            |    26 |    32 ||    58

Table legend: (Time is in decaauts)
 A = Elapsed time spent in this place.
 B = Non-inter-level travel time spent in this place.
 C = Inter-level travel time spent in this place.
 D = Time resting spent in this place.
 E = Time spent auto-exploring this place.
 F = Levels seen in this place.
 G = Mean time per level.
                   A        B        C        D        E       F      G
               +--------+--------+--------+--------+--------+-----+--------+
         Total |   2457 |   2429 |     28 |    243 |    814 |   6 |  409.5 |
       Dungeon |   2440 |   2412 |     28 |    243 |    814 |   5 |  488.0 |
        Temple |     16 |     16 |      0 |      0 |      0 |   1 |   16.0 |
               +--------+--------+--------+--------+--------+-----+--------+

Top non-repeatable levels by time:
     D:2: 1241 daAuts
     D:1: 684 daAuts
     D:5: 330 daAuts
     D:3: 137 daAuts
     D:4: 46 daAuts
  Temple: 16 daAuts
